 Dungeon Crawl Stone Soup version 0.29.1-15-g9cfb28693d (webtiles) character file.

Game seed: 3184069651179820439

37 tizbic2 the Ruffian (level 3, -2/31 HPs)
             Began as a Hill Orc Gladiator on Apr 23, 2023.
             Slain by a gnoll
             ... wielding a +0 flail
              (3 damage)
             ... on level 2 of the Dungeon.
             The game lasted 00:05:29 (1082 turns).

tizbic2 the Ruffian (Hill Orc Gladiator)            Turns: 1082, Time: 00:05:30

Health: -2/31      AC:  7    Str: 18    XL:     3   Next: 41%
Magic:  3/3        EV: 10    Int:  8    God:
Gold:   79         SH:  5    Dex: 12    Spells: 2/2 levels left

rFire   . . .      SeeInvis .   q - +0 spear
rCold   . . .      Faith    .   (no shield)
rNeg    . . .      Spirit   .   k - +0 scale mail
rPois   .          Reflect  +   b - +0 helmet
rElec   .          Harm     .   (no cloak)
rCorr   .          Rampage  .   (no gloves)
Will    .....                   (no boots)
Stlth   ..........              p - amulet of reflection
HPRegen 0.10/turn               (no ring)
MPRegen 0.08/turn               (no ring)

@: no status effects
A: no striking features
a: no special abilities


You were on level 2 of the Dungeon.
You visited 1 branch of the dungeon, and saw 2 of its levels.

You collected 79 gold pieces.

Inventory:

Hand Weapons
 g - a +0 hand axe
 q - a +0 spear (weapon)
Missiles
 c - a throwing net (quivered)
 d - a javelin
 f - 5 stones
 o - 5 boomerangs
Armour
 b - a +0 helmet (worn)
 k - a +0 scale mail (worn)
Jewellery
 h - an amulet of magic regeneration
 p - an amulet of reflection (around neck)
Scrolls
 i - a scroll of amnesia {unknown}
Potions
 a - a potion of ambrosia {unknown}
 e - 4 potions of berserk rage {unknown}
 j - a potion of haste {unknown}
 l - a potion of attraction {unknown}
 m - a potion of degeneration {unknown}
 n - a potion of mutation {unknown}


   Skills:
 + Level 3.1 Fighting
 + Level 2.2 Throwing
 + Level 2.7 Dodging
 + Level 3.7 Unarmed Combat


You had 2 spell levels left.
You didn't know any spells.
Your spell library was empty.

Dungeon Overview and Level Annotations

Branches:
Dungeon (2/15)

Altars:


Message History

The gnoll is lightly wounded.
The gnoll struggles against the net.
You block the gnoll's attack.
You hit the gnoll.
The gnoll is moderately wounded.
The gnoll struggles against the net.
The net rips apart, and the gnoll comes free!
The gnoll closely misses you.
You hit the gnoll.
The gnoll is severely wounded.
The gnoll hits you but does no damage. You block the gnoll's attack.
You hit the gnoll.
The gnoll is severely wounded.
The gnoll hits you with a +0 whip. The gnoll barely misses you.
You barely miss the gnoll.
The gnoll is severely wounded.
The gnoll hits you with a +0 whip. The gnoll misses you.
You hit the gnoll.
The gnoll is almost dead.
The gnoll hits you but does no damage.
The gnoll hits you from afar with a +0 spear. x2
* * * LOW HITPOINT WARNING * * *
The gnoll hits you but does no damage.
You hit the gnoll but do no damage.
The gnoll is almost dead.
You block the gnoll's attack.
The gnoll hits you from afar with a +0 spear.
* * * LOW HITPOINT WARNING * * *
You hit the gnoll.
You kill the gnoll!
You block the gnoll's attack.
Things that are here:
a +0 whip; a gnoll corpse You hit the gnoll.
The gnoll is moderately wounded.
The gnoll barely misses you. The gnoll hits you with a +0 flail.
* * * LOW HITPOINT WARNING * * *
The gnoll hits you from afar with a +0 spear.
* * * LOW HITPOINT WARNING * * *
The gnoll attacks as you move away! The gnoll hits you with a +0 flail.
You die...

#...##
#.###.##
#.# ##.##
#.# ##.#
#. #.# ##
#.# ##)#
#. #.#
##.## #g
#.###.##
#. #gg@##
#g #.###
#. #g#
#.######.#
#.g.g....#
##########


You could see 2 gnolls.

Vanquished Creatures
  A gnoll (D:2)
  2 dart slugs
  3 bats (D:1)
  A giant cockroach (D:1)
  A hobgoblin (D:1)
  4 quokkas (D:1)
  A ball python (D:1)
  A goblin (D:1)
  5 kobolds
  6 rats
25 creatures vanquished.

Notes
Turn   | Place    | Note
-------+----------+-------------------------------------------
     0 | D:1      | tizbic2 the Hill Orc Gladiator began the quest for the Orb.
     0 | D:1      | Reached XP level 1. HP: 18/18 MP: 1/1
   408 | D:1      | Reached XP level 2. HP: 24/25 MP: 2/2
   974 | D:2      | Reached XP level 3. HP: 30/30 MP: 3/3
  1081 | D:2      | HP: 1/31 [gnoll/+0 spear (4)]
  1082 | D:2      | Slain by a gnoll

Illustrated notes

Levels and vault maps discovered:
D:1:      psy_arrival_basics, layout_loops_ring
D:2:      layout_loops_ring, chequers_serial_rivers_large_a, uniq_sigmund,
          uniq_crazy_yiuf_cottage

Skill      XL: |  1  2  3 |
---------------+----------+-----
Throwing       | 2 |  2.2
Fighting       | 3 |  3.1
Dodging        | |  2.7
Unarmed Combat | |  3.7

Action                   || total
-------------------------++-------
Melee: Unarmed           ||    18
       Hand axe          ||    45
       Whip              ||     4
       Spear             ||    20
       Punch             ||     1
Throw: Throwing net      ||     2
 Stab: Held in net/web   ||     1
Armor: Leather armour    ||    12
       Scale mail        ||    27
Dodge: Dodged            ||    49
Block: Other             ||    10
